 Dungeon Crawl Stone Soup version 0.31.0-11-ge490571c62 (webtiles) character file.

Game seed: 4172748551450578049

113 qw the Skirmisher (level 4, 0/25 HPs)
             Began as a Deep Elf Hunter on Feb 3, 2024.
             Succumbed to a goblin's poison
             ... on level 3 of the Dungeon.
             The game lasted 00:00:10 (1566 turns).

qw the Skirmisher (Deep Elf Hunter)                 Turns: 1566, Time: 00:00:11

Health: 0/25       AC:  6    Str: 10    XL:     4   Next: 65%
Magic:  6/6        EV: 11    Int: 14    God:
Gold:   110        SH:  0    Dex: 18    Spells: 3/3 levels left

rFire   . . .        a - +0 shortbow
rCold   . . .        (shield currently unavailable)
rNeg    . . .        k - +1 ring mail
rPois   +            (no helmet)
rElec   .            (no cloak)
rCorr   .            (no gloves)
SInv    .            (no boots)
Will    .....        (no amulet)
Stlth   +            j - ring of poison resistance
HPRegen 0.24/turn    (no ring)
MPRegen 0.10/turn

%: no passive effects
@: lethally poisoned (0 -> -1), about to teleport
A: no striking features
a: no special abilities


You were on level 3 of the Dungeon.
You visited 1 branch of the dungeon, and saw 3 of its levels.

You collected 110 gold pieces.


   Skills:
 - Level 1.5 Fighting
 + Level 8.1 Ranged Weapons
 - Level 2.4 Dodging
 - Level 1.2 Stealth


You had 3 spell levels left.
You didn't know any spells.
Your spell library was empty.

Inventory:

Hand Weapons
 a - a +0 shortbow (weapon)
Armour
 k - a +1 ring mail (worn)
Jewellery
 j - a ring of poison resistance (left hand)

Dungeon Overview and Level Annotations

Branches:
Dungeon (3/15)

Altars:

Annotations:
D:3 Robin


Message History

You shoot an arrow. The arrow hits the goblin!
You kill the goblin!
The goblin hits you but does no damage. Robin throws the goblin at you!
The goblin hits you with a dagger.
You shoot an arrow. The arrow hits the goblin!
You kill the goblin!
The goblin barely misses you. The goblin hits you but does no damage.
The goblin hits you with a +2 dagger of venom.
The goblin barely misses you. The goblin hits you but does no damage.
You shoot an arrow. The arrow barely misses the goblin.
The arrow barely misses Robin.
The goblin hits you but does no damage.
The goblin hits you with a +2 dagger of venom.
You are poisoned.
The goblin barely misses you.
A hobgoblin comes into view.
You shoot an arrow. The arrow barely misses the goblin.
The arrow hits Robin.
Robin is moderately wounded.
You feel very sick. The goblin barely misses you.
The goblin hits you with a +0 dagger.
You shoot an arrow. The arrow hits the goblin.
You kill the goblin!
You feel sick. The goblin barely misses you.
The goblin hits you but does no damage.
You shoot an arrow. The arrow hits the goblin.
The goblin is moderately wounded.
You feel sick. The goblin hits you but does no damage. The goblin misses you.
The goblin hits you with a +0 dagger.
You shoot an arrow. The arrow completely misses the goblin.
You feel sick. The goblin hits you with a +0 dagger.
The goblin barely misses you.
An orc comes into view. It is wielding a +0 dagger.
1565 ||| READING scroll of teleportation.
As you read the scroll of teleportation, it crumbles to dust.
You feel strangely unstable.
You feel sick. The goblin closely misses you.
The goblin hits you but does no damage. The goblin closely misses you.
You shoot an arrow. The arrow hits the goblin.
You kill the goblin!
You die...

..### ....# ....
... ..# g.#
#.##########)g#
#......<...@gg#
#.##########g......
.#####. .# .. ..
.o# ..!


You could see Robin, an orc and 4 goblins.

Vanquished Creatures
  A gnoll (D:2)
  5 adders
  4 ribbon worms (D:2)
  6 bats
  3 endoplasms
  3 giant cockroaches
  10 goblins
  4 hobgoblins
  2 quokkas
  5 ball pythons (D:1)
  3 frilled lizards
  A kobold (D:2)
  3 rats (D:1)
50 creatures vanquished.

Notes
Turn   | Place    | Note
-------+----------+-------------------------------------------
     0 | D:1      | qw the Deep Elf Hunter began the quest for the Orb.
     0 | D:1      | Reached XP level 1. HP: 12/12 MP: 3/3
     0 | D:1      | 0 ||| qw: Version: 0.3-a-155-g5e7d8dd
     0 | D:1      | 0 ||| qw: Game counter: 3383
     0 | D:1      | 0 ||| qw: Melee chars always use a shield: true
     0 | D:1      | 0 ||| qw: God list: Okawaru
     0 | D:1      | 0 ||| qw: Allow faded altars: false
     0 | D:1      | 0 ||| qw: Do Orc after clearing Dungeon:15 true
     0 | D:1      | 0 ||| qw: Do second Lair branch before Depths: true
     0 | D:1      | 0 ||| qw: Lair rune preference: random
     0 | D:1      | 0 ||| qw: Goals: Normal
     0 | D:1      | 0 ||| PLANNING D:1-11
   210 | D:1      | Reached XP level 2. HP: 16/16 MP: 4/4
   211 | D:1      | Reached skill level 6 in Ranged Weapons
   741 | D:1      | 741 ||| UPGRADING to +0 ring mail.
   751 | D:1      | 751 ||| DROPPING +0 leather armour.
   752 | D:1      | 752 ||| UPGRADING to ring of poison resistance.
   753 | D:1      | 753 ||| READING scroll labelled WEMUOZXUITE.
   753 | D:1      | 753 ||| IDENTIFYING fizzy green potion
   754 | D:1      | 754 ||| READING 2 scrolls labelled PAOZXI QARCH.
   759 | D:1      | 759 ||| READING scroll labelled EDWUYPL DOGOIS.
   759 | D:1      | 759 ||| ENCHANTING +0 ring mail.
   760 | D:1      | 760 ||| READING scroll labelled FEHETHROGHU.
   761 | D:1      | 761 ||| READING scroll labelled VIZXOTHRUUJU.
   762 | D:1      | 762 ||| DROPPING scroll of butterflies.
   763 | D:1      | 763 ||| DROPPING potion of ambrosia.
   876 | D:2      | Reached XP level 3. HP: 20/20 MP: 5/5
  1005 | D:2      | Reached skill level 7 in Ranged Weapons
  1199 | D:2      | Reached XP level 4. HP: 25/25 MP: 6/6
  1495 | D:2      | 1495 ||| READING 2 scrolls of identify.
  1495 | D:2      | 1495 ||| IDENTIFYING ruby potion
  1496 | D:2      | 1496 ||| READING scroll of identify.
  1496 | D:2      | 1496 ||| IDENTIFYING scroll labelled WEEMUM UR WUN
  1497 | D:2      | 1497 ||| READING scroll labelled NEYTSE REGOUM.
  1541 | D:2      | 1541 ||| READING scroll labelled KYROAMO ITSE.
  1542 | D:2      | 1542 ||| DROPPING potion of lignification.
  1543 | D:2      | 1543 ||| DROPPING scroll of amnesia.
  1555 | D:3      | Noticed Robin
  1558 | D:3      | Reached skill level 8 in Ranged Weapons
  1564 | D:3      | HP: 2/25 [goblin/+0 dagger[Robin] (5)]
  1565 | D:3      | 1565 ||| READING scroll of teleportation.
  1566 | D:3      | Succumbed to a goblin's poison

Levels and vault maps discovered:
D:1:      dpeg_arrival_line_fractal, layout_basic, minmay_heptomino_d4
D:2:      minmay_chambers_of_twos, layout_rooms, nicolae_hexahallways
D:3:      layout_loops_ring, chequers_ecumenical_altar_simple_redux, uniq_robin

Skill      XL: |  1  2  3  4 |
---------------+-------------+-----
Ranged Weapons | 6 7 8 |  8.1
Fighting       | |  1.5
Dodging        | |  2.4
Stealth        | |  1.2

Action                     |  1- 3 |  4- 6 || total
---------------------------+-------+-------++-------
   Fire: Shortbow          |    94 |    41 ||   135
    Use: Scroll            |     5 |     5 ||    10
 Armour: Leather armour    |     3 |       ||     3
         Ring mail         |    18 |    26 ||    44
  Dodge: Dodged            |    22 |    18 ||    40

Table legend:
 A = Non-vault XP
 B = Vault XP
 C = Vault XP percentage of total XP
 D = Non-vault monster count
 E = Vault monster count
 F = Vault count percentage of total count
                 A         B        C        D         E       F
            +---------+---------+-------+---------+---------+-------
      Total |     106 |      57 |  35.0 |      34 |      16 |  32.0
            +---------+---------+-------+---------+---------+-------
        D:1 |      28 |       4 |  12.5 |      17 |       3 |  15.0
        D:2 |      65 |      44 |  40.4 |      16 |       8 |  33.3
        D:3 |      13 |       9 |  40.9 |       1 |       5 |  83.3
            +---------+---------+-------+---------+---------+-------
